 Dungeon Crawl Stone Soup version 0.28.0-56-g4927b6849a (webtiles) character file.

Game seed: 5545608770913553645

52584 cbfl8 the Severer (level 14, -5/131 (133) HPs)
             Began as a Minotaur Berserker on Jan 26, 2023.
             Was a High Priest of Trog.
             Slain by a hellwing (12 damage)
             ... summoned by an orc high priest
             ... on level 2 of the Orcish Mines.
             The game lasted 00:26:28 (25427 turns).

cbfl8 the Severer (Minotaur Berserker)             Turns: 25427, Time: 00:26:29

HP:   -5/131 (133)  AC: 23    Str: 22    XL:     14   Next: 27%
MP:   13/13         EV: 10    Int:  4    God:    Trog [*****.]
Gold: 1763          SH:  0    Dex: 15    Spells: 13/13 levels left

rFire   . . .      SeeInvis +   J - +0 war axe (flame)
rCold   + . .      Faith    .   (no shield)
rNeg    . . .      Spirit   .   U - +0 plate armour {rC+}
rPois   .          Reflect  .   (helmet restricted)
rElec   .          Harm     .   F - +1 cloak
rCorr   .          Rampage  .   k - +0 pair of gloves
Will    +....                   R - +0 pair of boots
Stlth   ..........              C - amulet of regeneration
HPRegen 1.11/turn               o - +4 ring of slaying
MPRegen 0.13/turn               O - ring of see invisible

@: on berserk cooldown, slowed, lightly drained, very slow
A: horns 2, retaliatory headbutt
a: Renounce Religion, Berserk, Trog's Hand, Brothers in Arms


You were on level 2 of the Orcish Mines.
You worshipped Trog.
Trog was extremely pleased with you.
You visited 3 branches of the dungeon, and saw 20 of its levels.

You collected 1763 gold pieces.

Inventory:

Hand Weapons
 J - a +0 war axe of flaming (weapon)
Missiles
 j - 2 throwing nets
Armour
 k - a +0 pair of gloves (worn)
 F - a +1 cloak (worn)
 R - a +0 pair of boots (worn)
 U - a +0 plate armour of cold resistance (worn)
Jewellery
 o - a +4 ring of slaying (left hand)
 C - an amulet of regeneration (around neck)
 O - a ring of see invisible (right hand)
 P - a ring of positive energy
Wands
 f - a wand of flame (58)
 m - a wand of iceblast (25)
 q - a wand of paralysis (6)
 x - a wand of polymorph (7)
 y - a wand of digging (7)
 G - a wand of mindburst (3) (quivered)
Scrolls
 a - a scroll of summoning {unknown}
 p - a scroll of blinking
 r - 3 scrolls of noise
 s - 2 scrolls of immolation
 v - 2 scrolls of magic mapping
 z - 3 scrolls of fear
 D - 3 scrolls of fog
 E - 7 scrolls of teleportation
 I - a scroll of vulnerability {unknown}
 M - a scroll of enchant weapon {unknown}
 T - a scroll of enchant armour {unknown}
Potions
 b - 4 potions of heal wounds
 c - 2 potions of might
 d - 3 potions of brilliance {unknown}
 e - 2 potions of mutation
 g - 2 potions of flight {unknown}
 h - 5 potions of lignification {unknown}
 i - 11 potions of curing
 l - 2 potions of berserk rage {unknown}
 n - 3 potions of degeneration {unknown}
 t - a potion of magic {unknown}
 u - 4 potions of resistance {unknown}
 A - 2 potions of cancellation {unknown}
 H - a potion of attraction {unknown}
 L - a potion of haste {unknown}
 N - 2 potions of ambrosia {unknown}
Miscellaneous
 w - a box of beasts
 Q - a lightning rod (4/4)


   Skills:
 * Level 14.7 Fighting
 * Level 17.7 Axes
 * Level 16.5 Armour
 + Level 6.3 Dodging
 + Level 3.0 Stealth
 * Level 6.2 Evocations


You had 13 spell levels left.
You didn't know any spells.
Your spell library was empty.

Dungeon Overview and Level Annotations

Branches:
Dungeon (12/15)            Temple (0/1) D:4            Lair (6/6) D:8
  Swamp (0/4) Lair:2       Spider (0/4) Lair:2        Slime (0/5) Lair:5
    Orc (2/2) D:10            Elf (0/3) Orc:2

Altars:
Fedhas
Makhleb
Trog
Uskayaw
Xom
Yredelemnul
Zin
The Shining One

Shops:
D:6 *[[   Orc:1 :   Orc:2 [

Annotations:
D:6 1 runed translucent door, LustLizard's ghost, novice GnWn
D:10 exclusion: ice statue
Orc:2 2 runed translucent doors, Flarelocke's ghost, journeyman MiFi


Innate Abilities, Weirdness & Mutations

You have a pair of horns on your head.
You reflexively headbutt those who attack you in melee.


Message History

The hellwing hits you but does no damage.
The hellwing barely misses you.
You closely miss the orc knight. You slash the hellwing! You burn the hellwing.
The orc knight hits you with a +0 battleaxe!!!
* * * LOW HITPOINT WARNING * * *
You hit the orc knight but do no damage.
You headbutt the orc knight!
The orc knight is lightly wounded.
You hit the hellwing but do no damage.
The hellwing hits you but does no damage. x2
Unknown command.
You slice the orc knight!! You burn the orc knight!
The orc knight is heavily wounded.
You hit the hellwing but do no damage.
You hit the rust devil but do no damage.
You hit the orc warrior. You burn the orc warrior.
Unknown command.
You closely miss the orc knight.
The orc knight is heavily wounded.
You slice the orc warrior!! You burn the orc warrior!
You feel the power of Trog in you as your rage grows.
You kill the orc warrior!
Trog accepts your kill.
You hit the rust devil but do no damage.
You slash the hellwing! You burn the hellwing.
The orc knight hits you with a +0 battleaxe!!
* * * LOW HITPOINT WARNING * * *
An orc sorcerer comes into view.
It is wielding a +0 dagger and wearing a +2 robe of cold resistance.
The hellwing barely misses you.
The hellwing hits you but does no damage.
The orc knight hits you with a +0 battleaxe.
* * * LOW HITPOINT WARNING * * *
Items here: )) [[ ††.
You feel a strong urge to attack something.
You are no longer berserk.
You are exhausted.
You feel yourself slow down.
The orc knight no longer looks unusually strong.
The hellwing hits you!
You die...

..###...........## ##
..#..............# #####≈.
................<## ##..#..#
......##.##.......# ##...#≈⌠.
..#.#...##...###.## #....+§..
..##..........##### #####...+§#$
..#.........###...####.#.....#§.§
..#........##..4...##........#..≈
.........###..4)@...##.....#.#)##
.........#..÷4o##.)..#....#..####
........##.ooo####...##)...#..##.
.......##..oo. #...^#....#.....
.......#÷.÷÷.÷ ##.........#..#.
.....#.#...... #..............
.......#....○o ###..............
.......#.....÷ #.#..............
.......# #.#....).........


You could see 2 orc knights, an orc high priest (strong), an orange demon
(summoned), a hellwing (summoned), a rust devil (summoned), an orc sorcerer
(strong), an orc warrior (strong) and an orc priest (strong).

Vanquished Creatures
  An ettin (Orc:2)
  6 hydras
  An ogre mage (Orc:1)
  Erica (D:8)
  A boulder beetle (Lair:4)
  5 death yaks (Lair:6)
  9 two-headed ogres
  An orc high priest (Orc:2)
  Nergalle (Lair:4)
  Pikel (D:8)
  2 orc knights (Orc:2)
  A cyclops (Orc:1)
  An ugly thing (D:10)
  A manticore (D:8)
  2 orc sorcerers
  5 elephants (Lair:3)
  A black mamba (Lair:6)
  Maggie (D:8)
  11 cane toads
  3 rime drakes
  12 komodo dragons
  5 polar bears (Lair:6)
  2 trolls
  7 hornets (Lair:6)
  13 blink frogs
  Grinder (D:4)
  5 dream sheep
  A jumping spider (Lair:2)
  26 yaks
  13 spriggans (Lair:6)
  5 wyverns
  A hog (D:8)
  Eustachio (D:4)
  3 basilisks
  Grum (D:8)
  4 wargs (D:10)
  2 acid dragons (D:9)
  16 orc warriors
  9 water moccasins
  A swamp drake (D:8)
  A hornet zombie (D:7)
  A sky beast (D:6)
  2 ogres (Orc:1)
  5 black bears
  3 boggarts (Lair:6)
  21 wolves
  4 centaurs
  A phantom (D:4)
  2 lemures (D:8)
  8 bullfrogs
  2 scorpions (D:4)
  A gnoll sergeant (D:11)
  A water moccasin zombie (D:5)
  A wyvern skeleton (D:7)
  23 killer bees
  12 wights
  3 electric eels (Lair:2)
  2 howler monkeys
  2 bullfrog zombies (D:6)
  2 lava snakes (D:8)
  14 orc priests
  A centaur skeleton (D:7)
  A hound (D:5)
  A gnoll shaman (D:5)
  Crazy Yiuf (D:3)
  16 jellies
  A bullfrog skeleton (D:7)
  Jessica (D:3)
  Natasha (thrice) (D:3)
  Terence (D:3)
  An iguana (D:6)
  15 orc wizards
  A hound skeleton (D:4)
  A howler monkey zombie (D:10)
  12 gnolls
  A howler monkey skeleton (D:6)
  7 adders
  A shadow imp (D:5)
  2 dart slugs (D:1)
  67 orcs
  7 ball pythons
  3 bats
  8 endoplasms
  4 goblins
  6 hobgoblins
  4 kobolds
  2 quokkas
  3 frilled lizards
  10 rats
  2 bushes (Lair:6)
477 creatures vanquished.

Vanquished Creatures (others)
  5 dream sheep (D:3)
  An orc (Orc:2)
  24 fungi
  22 plants
52 creatures vanquished.

Grand Total: 529 creatures vanquished

Notes
Turn   | Place    | Note
-------+----------+-------------------------------------------
     0 | D:1      | cbfl8 the Minotaur Berserker began the quest for the Orb.
     0 | D:1      | Reached XP level 1. HP: 19/19 MP: 0/0
   243 | D:1      | Reached XP level 2. HP: 14/27 MP: 1/1
   743 | D:1      | Reached skill level 4 in Axes
  1396 | D:2      | Reached XP level 3. HP: 20/33 MP: 2/2
  2175 | D:2      | Found a faded altar of an unknown god.
  2551 | D:2      | Reached XP level 4. HP: 41/41 MP: 3/3
  2801 | D:3      | Noticed a dream sheep
  2801 | D:3      | Noticed a dream sheep
  2801 | D:3      | Noticed a dream sheep
  2801 | D:3      | Noticed a dream sheep
  2801 | D:3      | Noticed a dream sheep
  2801 | D:3      | Found a shimmering altar of Xom.
  2806 | D:3      | Killed a dream sheep
  2806 | D:3      | Killed a dream sheep
  2806 | D:3      | Killed a dream sheep
  2807 | D:3      | Killed a dream sheep
  2809 | D:3      | Killed a dream sheep
  2891 | D:3      | Noticed Terence
  2898 | D:3      | Killed Terence
  2899 | D:3      | Reached skill level 5 in Axes
  3164 | D:3      | Noticed Jessica
  3179 | D:3      | Killed Jessica
  3180 | D:3      | Reached skill level 1 in Stealth
  3180 | D:3      | Reached XP level 5. HP: 40/47 MP: 4/4
  3227 | D:3      | Noticed Natasha
  3233 | D:3      | Killed Natasha
  3326 | D:3      | Noticed Natasha
  3332 | D:3      | Killed Natasha
  3408 | D:3      | Found a runed translucent door.
  3409 | D:3      | Noticed Crazy Yiuf
  3440 | D:3      | Noticed Natasha
  3446 | D:3      | Killed Natasha
  3447 | D:3      | Reached skill level 6 in Axes
  3447 | D:3      | Reached XP level 6. HP: 46/55 MP: 5/5
  3515 | D:3      | Reached ** piety under Trog
  3763 | D:3      | Killed Crazy Yiuf
  4020 | D:4      | Reached skill level 5 in Fighting
  4429 | D:4      | Noticed Eustachio
  4444 | D:4      | Reached XP level 7. HP: 61/61 MP: 6/6
  4529 | D:4      | Reached skill level 7 in Axes
  4823 | D:4      | Identified the +0 shortbow of Dyazig {venom, Fragile rElec
                  | rN+}
  4829 | D:4      | Killed Eustachio
  5040 | D:4      | Noticed Grinder
  5050 | D:4      | Paralysed by Grinder for 7 turns
  5063 | D:4      | Killed Grinder
  5064 | D:4      | Reached skill level 5 in Armour
  5531 | D:4      | Found a bloodstained altar of Trog.
  5532 | D:4      | Found a glowing silver altar of Zin.
  5639 | D:4      | Found a staircase to the Ecumenical Temple.
  5841 | D:5      | Entered Level 5 of the Dungeon
  5864 | D:5      | Found a glowing golden altar of the Shining One.
  6162 | D:5      | Reached skill level 8 in Axes
  6227 | D:5      | Reached XP level 8. HP: 70/70 MP: 7/7
  6841 | D:6      | Found a runed translucent door.
  6842 | D:6      | Noticed LustLizard's ghost (novice GnWn)
  6855 | D:6      | Found a burning altar of Makhleb.
  6896 | D:6      | Found Ywelun's Antique Armour Emporium.
  6898 | D:6      | Found Jegaxoru's General Store.
  7084 | D:6      | Found a basalt altar of Yredelemnul.
  7086 | D:6      | Found Kostruir's Antique Armour Boutique.
  7968 | D:7      | Reached skill level 9 in Axes
  8717 | D:7      | Reached XP level 9. HP: 78/78 MP: 8/8
  9456 | D:7      | Reached skill level 10 in Axes
  9762 | D:8      | Reached *** piety under Trog
  9765 | D:8      | Noticed a manticore
  9843 | D:8      | Noticed Erica
  9856 | D:8      | Killed Erica
  9857 | D:8      | Reached skill level 11 in Axes
  9857 | D:8      | Reached skill level 5 in Dodging
 10000 | D:8      | Reached XP level 10. HP: 86/88 MP: 9/9
 10010 | D:8      | Noticed Maggie
 10020 | D:8      | Killed Maggie
 10024 | D:8      | Noticed Grum
 10327 | D:8      | Killed Grum
 10328 | D:8      | Reached skill level 10 in Armour
 10407 | D:8      | Reached skill level 12 in Axes
 10440 | D:8      | Noticed Pikel
 10452 | D:8      | Killed Pikel
 10470 | D:8      | Killed a manticore
 10725 | D:8      | Noticed Maurice
 10732 | D:8      | Noticed Maurice
 10732 | D:8      | Maurice changed into Maurice the hog
 10736 | D:8      | Killed Maurice the hog
 11836 | D:8      | Found a staircase to the Lair.
 12392 | D:9      | Reached skill level 1 in Evocations
 12749 | D:9      | Found a hide-covered altar of Uskayaw.
 12797 | D:9      | Reached skill level 13 in Axes
 12884 | D:9      | Found a blossoming altar of Fedhas.
 13379 | D:9      | Reached XP level 11. HP: 97/97 MP: 10/10
 13414 | D:10     | Entered Level 10 of the Dungeon
 13469 | D:10     | Found a staircase to the Orcish Mines.
 13537 | D:10     | Noticed a two-headed ogre
 13542 | D:10     | Killed a two-headed ogre
 13622 | D:10     | Noticed a cyan ugly thing
 13629 | D:10     | Killed a cyan ugly thing
 14439 | D:11     | Reached **** piety under Trog
 15012 | D:11     | Noticed an eight-headed hydra
 15019 | D:11     | Killed a five-headed hydra
 15498 | Lair:1   | Entered Level 1 of the Lair of Beasts
 15656 | Lair:1   | Reached skill level 10 in Fighting
 15659 | Lair:1   | Reached skill level 14 in Axes
 15867 | Lair:1   | Found a blossoming altar of Fedhas.
 16408 | Lair:1   | Identified the +3 leather armour of Intuition {+Blink rPois
                  | Will-}
 17069 | Lair:2   | Found a hole to the Spider Nest.
 17396 | Lair:2   | Found a staircase to the Swamp.
 17413 | Lair:2   | Reached XP level 12. HP: 70/108 MP: 11/11
 18394 | Lair:2   | Identified the +7 falchion "Sumaduyd" {vorpal, rN+}
 18469 | Lair:3   | Reached skill level 15 in Axes
 18491 | Lair:3   | Noticed a five-headed hydra
 18501 | Lair:3   | Killed a three-headed hydra
 18901 | Lair:3   | Noticed a four-headed hydra
 18909 | Lair:3   | Killed a one-headed hydra
 19599 | Lair:4   | Noticed Nergalle
 19611 | Lair:4   | Killed Nergalle
 19707 | Lair:4   | Noticed a boulder beetle
 19724 | Lair:4   | Killed a boulder beetle
 19725 | Lair:4   | Reached skill level 16 in Axes
 19729 | Lair:4   | Reached ***** piety under Trog
 19797 | Lair:4   | Noticed a six-headed hydra
 19803 | Lair:4   | Killed a two-headed hydra
 20390 | Lair:5   | Noticed a seven-headed hydra
 20395 | Lair:5   | Killed a four-headed hydra
 20397 | Lair:5   | Reached skill level 5 in Evocations
 20408 | Lair:5   | Reached XP level 13. HP: 67/118 MP: 12/12
 20712 | Lair:5   | Found a staircase to the Slime Pits.
 21275 | Lair:6   | Entered Level 6 of the Lair of Beasts
 21331 | Lair:6   | Reached skill level 15 in Armour
 21678 | Lair:6   | Identified the +9 whip "Irofu" {spect, rPois}
 22001 | Lair:6   | Received a gift from Trog
 22511 | Lair:6   | Reached skill level 17 in Axes
 23574 | Orc:1    | Entered Level 1 of the Orcish Mines
 23755 | Orc:1    | Found Reomn's Book Emporium.
 24206 | Orc:2    | Entered Level 2 of the Orcish Mines
 24209 | Orc:2    | Noticed an ettin
 24219 | Orc:1    | Received a gift from Trog
 24279 | Orc:2    | Killed an ettin
 24280 | Orc:2    | Reached XP level 14. HP: 88/132 MP: 13/13
 24641 | Orc:2    | Found Cyelaety's Armour Shop.
 25023 | Orc:2    | Found a staircase to the Elven Halls.
 25272 | Orc:2    | Found a large runed translucent door.
 25274 | Orc:2    | Found a large runed translucent door.
 25288 | Orc:2    | Noticed Flarelocke's ghost (journeyman MiFi)
 25427 | Orc:2    | Slain by a hellwing

Illustrated notes

Levels and vault maps discovered:
D:1:      sevenhm_arrival_forest_fort_small_6, layout_loops_ring,
          chequers_serial_rivers_small_b, serial_bayou_pond_d,
          chequers_serial_rivers_small_b, amethyst_killhole, minmay_pentomino_o2
D:2:      layout_loops_ring, ebering_ecumenical_altar_rust
D:3:      layout_basic, kb_xom_exploding_sheep, kennysheep_cross_room,
          uniq_jessica, uniq_crazy_yiuf_cottage, uniq_terence, uniq_natasha
D:4:      layout_cave_pools, nicolae_overflow_squiral,
          minmay_temple_entry_drinking_statues, minivault_19, uniq_grinder,
          uniq_eustachio
D:5:      layout_loops_ring, overflow_temple_1_default, chequers_big_river,
          minmay_checkerbox
D:6:      layout_loops_ring, mainiacjoe_overflow_chevrons,
          mainiacjoe_overflow_tiny_flanked, serial_shops,
          nicolae_shop_statue_plus, shop, nicolae_shop_behind_doors,
          gammafunk_ghost_grave
D:7:      nicolae_cairo_tiling, layout_basic
D:8:      layout_layer_cave, erik_lair_dragon, kennysheep_island_fort,
          uniq_grum, uniq_pikel, uniq_maggie, uniq_erica, uniq_maurice
D:9:      layout_grid_maze, lemuel_round_altar, kennysheep_mini_moat,
          lemuel_flame_loot_1
D:10:     lemuel_ice_statue, layout_small_grid, minmay_orc_entry_guard_dogs,
          hangedman_decor_peaks_small
D:11:     layout_long_grid, wad_floor_pattern_untrapped
D:12:     layout_irregular_city
Lair:1:   layout_layer_cave, basic_altar
Lair:2:   layout_long_grid, minmay_swamp_entry_eels, spider_nest_entry_rubble,
          serial_bayou_pond_e, minivault_23, chequers_serial_rivers_micro_b,
          grunt_forest_small_clearings
Lair:3:   layout_cave_pods, infiniplex_staircase_pool
Lair:4:   layout_misc_corridors, uniq_nergalle
Lair:5:   layout_misc_corridors, minmay_slime_entry_jelly_boxes
Lair:6:   minmay_lair_end_enchanted_forest, layout_cave_pods
Orc:1:    layout_caves, serial_shops, nicolae_shop_hallway_plus
Orc:2:    grunt_orc_tribal_feast, layout_caves, ebering_ghost_disaster_area,
          serial_shops, nicolae_shop_behind_doors

Skill      XL: |  1  2  3  4  5  6  7  8  9 10 11 12 13 14 |
---------------+-------------------------------------------+-----
Fighting       | 4 5 6 8 9 10 12 14 | 14.7
Axes           | 4 5 6 8 9 11 13 14 16 17 | 17.7
Dodging        | 3 4 5 6 |  6.3
Stealth        | 1 2 3 |  3.0
Armour         | 3 5 8 9 11 13 14 16 | 16.5
Evocations     | 1 2 5 6 |  6.2

Action                   |  1- 3 |  4- 6 |  7- 9 | 10-12 | 13-15 || total
-------------------------+-------+-------+-------+-------+-------++-------
Melee: Hand axe          |    61 |    75 |   226 |    89 |       ||   451
       Headbutt          |     6 |    11 |    47 |   127 |    93 ||   284
       Punch             |       |       |     4 |     6 |     7 ||    17
       War axe           |       |       |       |   373 |   394 ||   767
Invok: Berserk           |       |     4 |     7 |     8 |     9 ||    28
Evoke: Wand              |       |       |       |     7 |     5 ||    12
  Use: Scroll            |       |     4 |     5 |     3 |     4 ||    16
 Stab: Sleeping          |     1 |       |       |       |       ||     1
       Confused          |       |       |       |     2 |       ||     2
Armor: Animal skin       |     6 |       |       |       |       ||     6
       Ring mail         |       |    21 |    11 |       |       ||    32
       Scale mail        |       |       |    26 |       |       ||    26
       Chain mail        |       |       |    77 |   184 |   119 ||   380
       Plate armour      |       |       |       |       |    54 ||    54
Dodge: Dodged            |    32 |    37 |   123 |   237 |   175 ||   604
